 Dungeon Crawl Stone Soup version 0.30-b1-2-g02819fbbbe (webtiles) character file.

Game seed: 7679223287748069347

(classic levelgen) 105 EnegeticOcto the Covered (level 4, -5/41 HPs)
             Began as a Minotaur Fighter on May 8, 2023.
             Slain by an ice beast (10 damage)
             ... on level 3 of the Dungeon.
             The game lasted 00:00:47 (1383 turns).

EnegeticOcto the Covered (Minotaur Fighter)         Turns: 1383, Time: 00:00:47

Health: -5/41      AC:  7    Str: 23    XL:     4   Next: 53%
Magic:  3/3        EV: 14    Int:  5    God:
Gold:   135        SH:  4    Dex:  9    Spells: 3/3 levels left

rFire   . . .        a - +0 war axe
rCold   . . .        c - +0 buckler
rNeg    . . .        b - +0 scale mail
rPois   .            (helmet restricted)
rElec   .            (no cloak)
rCorr   .            (no gloves)
SInv    .            (no boots)
Will    .....        (no amulet) Stlth
                     p - +5 ring of evasion
HPRegen 0.26/turn    (no ring)
MPRegen 0.08/turn

%: no passive effects
@: no status effects
A: horns 2, retaliatory headbutt
a: no special abilities


You were on level 3 of the Dungeon.
You visited 1 branch of the dungeon, and saw 3 of its levels.

You collected 135 gold pieces.

Inventory:

Hand Weapons
 a - a +0 war axe (weapon)
Armour
 b - a +0 scale mail (worn)
 c - a +0 buckler (worn)
Jewellery
 p - a +5 ring of evasion (left hand)
   (You found it on level 2 of the Dungeon)
 r - an amulet of magic regeneration
   (You found it on level 2 of the Dungeon)
Scrolls
 e - a scroll of acquirement {unknown}
 g - 2 scrolls of amnesia {unknown}
 h - 2 scrolls of noise {unknown}
 i - a scroll of summoning {unknown}
 j - 2 scrolls of vulnerability {unknown}
 k - 2 scrolls of identify {unknown}
 l - a scroll of fog {unknown}
 m - a scroll of magic mapping {unknown}
 n - a scroll of enchant weapon {unknown}
 q - a scroll of blinking {unknown}
Potions
 d - a potion of might {@q3}
 f - a potion of flight {unknown}
 o - a potion of invisibility {unknown}
 s - a potion of resistance {unknown}


   Skills:
 + Level 4.3 Fighting
 * Level 4.1 Axes
 + Level 4.3 Armour
 + Level 4.3 Shields


You had 3 spell levels left.
You didn't know any spells.
Your spell library was empty.

Dungeon Overview and Level Annotations

Branches:
Dungeon (3/15)

Altars:
Fedhas


Innate Abilities, Weirdness & Mutations

You have a pair of horns on your head.
You reflexively headbutt those who attack you in melee.


Message History

There are monsters nearby!
You closely miss the adder. The adder closely misses you.
You block the adder's attack.
You closely miss the adder. The adder bites you but does no damage.
You miss the adder. Your headbutt misses the adder.
The adder bites you but does no damage. The adder closely misses you.
The hobgoblin barely misses you. The rat completely misses you.
You miss the adder. Your headbutt misses the adder. You hit the rat.
You kill the rat!
You closely miss the hobgoblin. The adder barely misses you.
You block the hobgoblin's attack. The adder bites you but does no damage.
Your Axes skill increases to level 4!
You closely miss the adder. Your headbutt misses the adder.
You hit the hobgoblin. You block the adder's attack.
The hobgoblin barely misses you. You furiously retaliate!
You headbutt the hobgoblin. The adder barely misses you.
You barely miss the hobgoblin. You headbutt the hobgoblin.
You kill the hobgoblin!
You hit the adder. The adder bites you but does no damage.
You closely miss the adder.
The adder is heavily wounded.
The adder barely misses you. You block the adder's attack.
You closely miss the adder.
The adder is moderately wounded.
You block the adder's attack. The adder completely misses you.
You slash the adder!
You kill the adder!
No target in view!
No target in view!
You now have 124 gold pieces (gained 14).
You now have 135 gold pieces (gained 11).
Found a stone staircase leading up.
A hobgoblin comes into view.
The hobgoblin shouts!
You hear an angry hiss.
A hobgoblin is nearby!
An ice beast comes into view.
You hit the hobgoblin.
The hobgoblin is severely wounded.
An adder comes into view.
The hobgoblin closely misses you.
The adder moves out of view.
You slash the hobgoblin!
You kill the hobgoblin!
The adder hisses angrily.
The ice beast closely misses you.
You hit the ice beast. Your headbutt misses the ice beast.
The ice beast is lightly wounded.
The ice beast hits you but does no damage. x2
You closely miss the ice beast.
The ice beast is lightly wounded.
The ice beast hits you. The ice beast freezes you.
You closely miss the ice beast.
The ice beast is lightly wounded.
You hit the adder but do no damage. The adder misses you.
The ice beast barely misses you. The adder barely misses you.
You furiously retaliate!
You headbutt the adder, but do no damage.
You hit the ice beast.
The ice beast is lightly wounded.
You hit the adder. You block the adder's attack.
You block the ice beast's attack. The adder bites you but does no damage.
The ice beast hits you but does no damage.
You slash the adder!
You kill the adder!
You completely miss the ice beast. The ice beast barely misses you.
You furiously retaliate!
You headbutt the ice beast. You barely miss the ice beast.
Your headbutt misses the ice beast.
The ice beast is moderately wounded.
You block the ice beast's attack.
You barely miss the ice beast.
The ice beast is lightly wounded.
The ice beast misses you.
You hit the ice beast but do no damage. Your headbutt misses the ice beast.
The ice beast is lightly wounded.
The ice beast closely misses you. You furiously retaliate!
You headbutt the ice beast.
The ice beast hits you but does no damage.
You barely miss the ice beast. You headbutt the ice beast.
The ice beast is heavily wounded.
The ice beast hits you. The ice beast freezes you.
You hit the ice beast but do no damage.
The ice beast is heavily wounded.
The ice beast hits you but does no damage.
You closely miss the ice beast.
The ice beast is heavily wounded.
The ice beast hits you but does no damage.
The ice beast barely misses you.
You closely miss the ice beast.
The ice beast is heavily wounded.
The ice beast misses you.
You slash the ice beast!
The ice beast is almost dead.
The ice beast hits you. The ice beast freezes you!
You barely miss the ice beast.
The ice beast is almost dead.
The ice beast hits you. The ice beast freezes you!
* * * LOW HITPOINT WARNING * * *
The ice beast hits you.
* * * LOW HITPOINT WARNING * * *
The ice beast freezes you!
You die...

#..........#
#..........#
#..........#
#..........#
#....<†....#
#..).......###
#....†.......#
#..........#.###
#..........#@[.#
############Y......#
......... #...<.....
#.........
#........#
#.........
#........#


You could see an ice beast.

Vanquished Creatures
  3 gnolls (D:2)
  2 adders (D:3)
  A worm (D:2)
  2 ball pythons (D:1)
  4 bats (D:1)
  5 endoplasms
  3 giant cockroaches
  A goblin (D:1)
  7 hobgoblins
  4 jackals (D:2)
  6 kobolds
  3 quokkas
  5 frilled lizards
  3 rats
49 creatures vanquished.

Notes
Turn   | Place    | Note
-------+----------+-------------------------------------------
     0 | D:1      | EnegeticOcto the Minotaur Fighter began the quest for the
                  | Orb.
     0 | D:1      | Reached XP level 1. HP: 19/19 MP: 0/0
   132 | D:1      | Reached XP level 2. HP: 20/27 MP: 1/1
   844 | D:2      | Reached XP level 3. HP: 33/33 MP: 2/2
   896 | D:2      | Found a blossoming altar of Fedhas.
   960 | D:2      | Reached XP level 4. HP: 37/40 MP: 3/3
  1365 | D:3      | Noticed an ice beast
  1383 | D:3      | Slain by an ice beast

Illustrated notes

Levels and vault maps discovered:
D:1:      lemuel_arrival_lava_pool, layout_loops_ring
D:2:      layout_rooms, basic_altar, hangedman_decor_lopped,
          grunt_ministairs_13, minmay_fountain_box
D:3:      layout_rooms, gammafunk_temple_overflow_elements, uniq_terence

Skill      XL: |  1  2  3  4 |
---------------+-------------+-----
Axes           | 3 4 |  4.1
Fighting       | 4 |  4.3
Armour         | 4 |  4.3
Shields        | 4 |  4.3

Action                     |  1- 3 |  4- 6 || total
---------------------------+-------+-------++-------
  Melee: War axe           |    69 |    48 ||   117
         Headbutt          |     7 |     6 ||    13
 Armour: Scale mail        |    19 |    13 ||    32
  Dodge: Dodged            |    53 |    33 ||    86
  Block: Buckler           |    17 |    11 ||    28
